 Dungeon Crawl Stone Soup version 0.26.1-11-gd32895ea62 (webtiles) character file.

Game seed: 13685249962510153854

2034 Gwenloh the Cleaver (level 9, -1/69 (71) HPs)
             Began as a Palentonga Warper on May 17, 2021.
             Was a Believer of Makhleb.
             Killed by divine providence
             ... invoked by an orc priest
              (11 damage)
             ... on level 7 of the Dungeon.
             The game lasted 00:43:20 (9804 turns).

Gwenloh the Cleaver (Palentonga Warper)             Turns: 9804, Time: 00:43:21

HP:   -1/69 (71)    AC: 13    Str: 17    XL:     9   Next: 3%
MP:   13/13         EV: 13    Int: 15    God:    Makhleb [**....]
Gold: 564           SH:  0    Dex: 12    Spells: 3/12 levels left

rFire    + . .     SeeInvis +   v - +0 war axe
rCold    . . .     Faith    .   (no shield)
rNeg     . . .     Spirit   .   b - +0 leather armour
rPois    .         Reflect  .   (no helmet)
rElec    .         Harm     .   (no cloak)
rCorr    .         Rampage  .   I - +1 pair of gloves {Str+3}
Will     .....                  (no barding)
Stlth    +.........             t - amulet of the acrobat
HPRegen  0.21/turn              C - ring of protection from fire
MPRegen  0.13/turn              z - +4 ring of evasion

@: mighty, lightly drained, curled up
A: large, rugged brown scales 3, see invisible, deformed body, roll 1, armoured
tail, reflexive curl
a: Rolling Charge, Renounce Religion, Minor Destruction


You were on level 7 of the Dungeon.
You worshipped Makhleb.
Makhleb was pleased with you.
You visited 2 branches of the dungeon, and saw 8 of its levels.

You collected 564 gold pieces.

Inventory:

Hand Weapons
 a - a +0 hand axe
 k - a +4 spear
 v - a +0 war axe (weapon)
Missiles
 c - 16 poisoned darts (quivered)
 e - 3 boomerangs of dispersal
 u - 141 stones
 G - 18 bolts
Armour
 b - a +0 leather armour (worn)
 h - a +0 ring mail
 j - a +0 pair of gloves
 I - a +1 pair of gloves of strength (worn)
Jewellery
 f - an uncursed ring of flight
 i - an uncursed ring of positive energy
 t - an amulet of the acrobat (around neck)
 z - a +4 ring of evasion (right hand)
 A - an uncursed amulet of magic regeneration
 C - a ring of protection from fire (left hand)
Wands
 m - a wand of disintegration (13)
Scrolls
 d - 3 scrolls of blinking
 g - 6 scrolls of remove curse
 o - 6 scrolls of enchant armour
 r - a scroll of amnesia
 s - a scroll of fear
 w - 2 scrolls of immolation
 y - 4 scrolls of teleportation
 H - 2 scrolls of fog {unknown}
Potions
 l - 3 potions of lignification
 n - a potion of might
 p - 2 potions of flight {unknown}
 q - 2 potions of mutation {unknown}
 x - 4 potions of cancellation
 B - a potion of degeneration {unknown}
 D - a potion of haste {unknown}
 E - a potion of attraction {unknown}
 F - a potion of curing {unknown}
 J - a potion of invisibility {unknown}
 K - a potion of heal wounds {unknown}


   Skills:
 - Level 2.0 Fighting
 * Level 9.1 Axes
 - Level 0.6 Throwing
 - Level 0.7 Armour
 - Level 1.5 Dodging
 - Level 2.0 Spellcasting
 + Level 6.6 Translocations
 + Level 5.5 Invocations


You had 3 spell levels left.
You knew the following spells:

 Your Spells              Type           Power        Failure   Level
a - Blink                 Tloc           N/A          2%          2
b - Passage of Golubria   Tloc           N/A          17%         4
c - Gell's Gravitas       Tloc           10%          4%          3

Your spell library contained the following spells:

 Spells                   Type           Power        Failure   Level
 Lesser Beckoning         Tloc           10%          4%          3
 Teleport Other           Tloc           21%          4%          3
 Animate Skeleton         Necr           2%           26%         1
 Beastly Appendage        Tmut           2%           26%         1
 Corona                   Hex            1%           26%         1
 Magic Dart               Conj           4%           26%         1
 Pain                     Necr           4%           26%         1
 Sting                    Tmut/Pois      4%           26%         1
 Call Imp                 Summ           1%           36%         2
 Ensorcelled Hibernation  Hex/Ice        2%           36%         2
 Poisonous Vapours        Pois/Air       2%           36%         2
 Slow                     Hex            1%           36%         2
 Wereblood                Tmut           1%           36%         2
 Confusing Touch          Hex            1%           61%         3
 Conjure Flame            Conj/Fire      1%           61%         3
 Dazzling Flash           Conj/Hex       2%           61%         3
 Ignite Poison            Fire/Tmut/Pois 1%           61%         3
 Mephitic Cloud           Conj/Pois/Air  1%           61%         3
 Spider Form              Tmut/Pois      0%           61%         3
 Tukima's Dance           Hex            1%           61%         3
 Vampiric Draining        Necr           0%           61%         3
 Animate Dead             Necr           0%           95%         4
 Ice Form                 Ice/Tmut       1%           95%         4
 Olgreb's Toxic Radiance  Pois           1%           95%         4
 Agony                    Necr           1%           100%        5
 Blade Hands              Tmut           0%           100%        5


Dungeon Overview and Level Annotations

Branches:
Dungeon (7/15)             Temple (1/1) D:4

Altars:
Ashenzari
Cheibriados
Dithmenos
Elyvilon
Fedhas
Gozag
Hepliaklqana
Kikubaaqudgha
Makhleb
Okawaru
Qazlal
Ru
Sif Muna
Trog
Uskayaw
Vehumet
Xom
Yredelemnul
Zin
The Shining One

Annotations:
D:3 3 runed translucent doors, Monsterracer's ghost, weakling PaDe
D:6 3 runed translucent doors, infcreate's ghost, novice GrFi


Innate Abilities, Weirdness & Mutations

You are completely covered in rugged brown scales. (AC +3, +7% HP)
You have supernaturally acute eyesight. (SInv)
Armour fits poorly on your strangely shaped body.
You can roll at nearby foes to attack.
You have a long armoured tail.
You curl defensively after being hit.


Message History

The orc priest miscasts a cantrip.
The orc warrior hits you with a +0 mace!
You hit the orc priest but do no damage.
The orc priest is heavily wounded.
You barely miss the orc warrior. You slash the orc!
You kill the orc!
Makhleb accepts your kill.
The orc priest mumbles some strange prayers to Beogh against you.
Pain shoots through your body!
The orc warrior hits you with a +0 mace!
* * * LOW HITPOINT WARNING * * *
The orc priest invokes the aid of Beogh against you.
Beogh smites you!
* * * LOW HITPOINT WARNING * * *
The orc warrior throws a boomerang.
The boomerang completely misses you.
The weapon returns to the orc warrior!
You feel very mighty all of a sudden.
The orc priest mumbles some strange prayers to Beogh against you.
Beogh smites you!
You die...

#.# #.#
#.# ..# ..
#.#
#...###.##
#$...oo)#
######o[#
#@.#
.######..#
.......>.#
....)....#
#######..#
#..#
####..#
#.....#
#..####


You could see an orc warrior, an orc priest and an orc wizard.

Vanquished Creatures
  Pikel (D:5)
  An ogre (D:5)
  A sky beast (D:7)
  A centaur (D:5)
  2 lemures (D:5)
  2 bullfrogs (D:6)
  A scorpion (D:5)
  8 wights
  2 howler monkeys
  A jelly (D:5)
  3 orc priests
  A hound (D:5)
  2 orc wizards
  5 worker ants
  A killer bee zombie (D:7)
  A hound zombie (D:6)
  A howler monkey skeleton (D:4)
  8 gnolls
  15 adders
  A shadow imp (D:6)
  2 ufetubi (D:5)
  An ooze (D:1)
  An adder zombie (D:5)
  2 adder skeletons (D:5)
  A worm (D:3)
  5 dart slugs
  4 leopard geckos
  20 orcs
  4 bats
  3 giant cockroaches
  11 goblins
  8 hobgoblins
  7 jackals
  4 quokkas
  2 ball pythons
  9 frilled lizards
  7 kobolds
  2 leopard gecko skeletons (D:4)
  5 rats
156 creatures vanquished.

Notes
Turn   | Place    | Note
-------+----------+-------------------------------------------
     0 | D:1      | Gwenloh the Palentonga Warper began the quest for the Orb.
     0 | D:1      | Reached XP level 1. HP: 18/18 MP: 3/3
   220 | D:1      | Reached XP level 2. HP: 24/25 MP: 5/5
   223 | D:1      | Learned a level 2 spell: Blink
   519 | D:1      | Reached skill level 3 in Axes
  1165 | D:1      | Reached XP level 3. HP: 31/31 MP: 6/6
  1682 | D:2      | Reached XP level 4. HP: 32/38 MP: 1/7
  1763 | D:2      | Learned a level 4 spell: Passage of Golubria
  1857 | D:2      | Reached skill level 4 in Axes
  1867 | D:2      | Noticed an ogre
  2591 | D:3      | Found a runed translucent gate.
  2591 | D:3      | Found a runed translucent gate.
  2767 | D:3      | Found a runed translucent gate.
  3135 | D:3      | Reached XP level 5. HP: 33/43 MP: 8/8
  3351 | D:3      | Noticed Monsterracer's ghost (weakling PaDe)
  3938 | D:4      | Found a staircase to the Ecumenical Temple.
  3946 | D:4      | Reached skill level 5 in Axes
  3956 | Temple   | Entered the Ecumenical Temple
  4297 | Temple   | Became a worshipper of Makhleb the Destroyer
  4387 | D:4      | Found a sacrificial altar of Ru.
  4389 | D:4      | Found a snail-covered altar of Cheibriados.
  4389 | D:4      | Found a glowing silver altar of Zin.
  4389 | D:4      | Found an opulent altar of Gozag.
  4944 | D:5      | Entered Level 5 of the Dungeon
  4969 | D:4      | Reached skill level 1 in Invocations
  4969 | D:4      | Reached XP level 6. HP: 51/51 MP: 4/9
  5829 | D:5      | Reached skill level 6 in Axes
  5856 | D:5      | Gained mutation: You curl defensively after being hit.
                  | [Palentonga growth]
  5856 | D:5      | Reached XP level 7. HP: 40/58 MP: 10/10
  6076 | D:5      | Reached * piety under Makhleb
  6250 | D:4      | Reached skill level 5 in Translocations
  7188 | D:6      | Noticed Pikel
  7414 | D:5      | Killed Pikel
  7415 | D:5      | Reached skill level 7 in Axes
  7415 | D:5      | Reached XP level 8. HP: 21/65 MP: 11/11
  7852 | D:5      | Reached skill level 8 in Axes
  8513 | D:5      | Reached skill level 5 in Invocations
  8895 | D:6      | Found a runed translucent gate.
  8896 | D:6      | Found a basalt altar of Yredelemnul.
  8898 | D:6      | Noticed a profane servitor
  8903 | D:6      | Found a runed translucent gate.
  8903 | D:6      | Found a runed translucent gate.
  8913 | D:6      | Noticed infcreate's ghost (novice GrFi)
  8920 | D:6      | Found a glowing golden altar of the Shining One.
  9028 | D:6      | Noticed an angel
  9142 | D:7      | Reached ** piety under Makhleb
  9434 | D:6      | Learned a level 3 spell: Gell's Gravitas
  9738 | D:7      | Reached skill level 9 in Axes
  9738 | D:7      | Reached XP level 9. HP: 65/68 MP: 13/13
  9804 | D:7      | Killed from afar by an orc priest

Illustrated notes

Levels and vault maps discovered:
D:1:      tarquinn_simple_flora_water_f, layout_loops_ring,
          corexii_item_surrounded_by_moat
D:2:      layout_basic
D:3:      layout_rooms, ebering_ghost_rock_garden, kennysheep_potato
D:4:      minmay_general_purpose_star, layout_loops_ring,
          grunt_temple_overflow_open, minmay_temple_entry_offerings
D:5:      layout_rooms, kennysheep_generic_room_10
D:6:      layout_basic, grunt_temple_overflow_holy_war,
          gammafunk_ghost_necromancy, uniq_pikel
D:7:      layout_loops_ring, nemelex_xobeh_ov_fountains_minmay
Temple:   dpeg_chambers_temple

Skill      XL: |  1  2  3  4  5  6  7  8 |
---------------+-------------------------+-----
Axes           | 3 4 5 6 7 9 |  9.1
Translocations | 4 5 6 |  6.6
Invocations    | 1 2 4 5 |  5.5
Fighting       | |  2.0
Throwing       | |  0.6
Armour         | |  0.7
Dodging        | |  1.5
Spellcasting   | |  2.0

Action                   |  1- 3 |  4- 6 |  7- 9 || total
-------------------------+-------+-------+-------++-------
Melee: Hand axe          |    55 |       |       ||    55
       Tailslap          |     5 |    17 |    22 ||    44
       Spear             |    32 |   221 |   110 ||   363
       War axe           |       |       |   116 ||   116
Throw: Dart              |     1 |    16 |    23 ||    40
       Boomerang         |     1 |     1 |       ||     2
 Cast: Blink             |     9 |    23 |    17 ||    49
       Gell's Gravitas   |       |       |     1 ||     1
Invok: Minor Destruction |       |       |     3 ||     3
 Abil: Rolling Charge    |    31 |    50 |    49 ||   130
Evoke: Wand              |       |     1 |     6 ||     7
  Use: Scroll            |       |     8 |     2 ||    10
       Potion            |       |       |     1 ||     1
 Stab: Sleeping          |       |       |     1 ||     1
Armor: Leather armour    |    23 |    42 |    47 ||   112
Dodge: Dodged            |    20 |   114 |   169 ||   303
